 Dungeon Crawl Stone Soup version 0.20-a0-972-gb9bd3e6 (webtiles) character file.

96 Gorglomux the Skirmisher (level 4, 0/43 HPs)
             Began as a Naga Warper on Apr 9, 2017.
             Was an Initiate of Yredelemnul.
             Killed from afar by a white imp (9 damage)
             ... with a puff of frost
             ... summoned by Hybris's ghost
             ... on level 3 of the Dungeon.
             The game lasted 00:05:05 (2893 turns).

Gorglomux the Skirmisher (Naga Warper)              Turns: 2893, Time: 00:05:06

Health: 0/43       AC:  3    Str: 15    XL:     4   Next: 67%
Magic:  7/7        EV: 15    Int: 18    God:    Yredelemnul [......]
Gold:   104        SH:  0    Dex: 15    Spells: 5/7 levels left

rFire    . . .     SeeInvis +   a - +0 spear
rCold    . . .     Gourm    .   (no shield)
rNeg     . . .     Faith    .   b - +0 leather armour
rPois    +         Spirit   .   P - +0 helmet
rElec    .         Reflect  .   (no cloak)
rCorr    .         Harm     .   (no gloves)
MR       .....                  (no barding)
Stlth    ++........             (no amulet)
Regen    0.2/turn               (no ring)
MPRegen  0.1/turn               (no ring)

@: brilliant, agile, hasted, quick
A: see invisible, deformed body, poison resistance, slowness 2, slow metabolism
1, spit poison 1, AC +1
a: Spit Poison, Renounce Religion


You were on level 3 of the Dungeon.
You worshipped Yredelemnul.
Yredelemnul was noncommittal.
You were not hungry.

You visited 1 branch of the dungeon, and saw 3 of its levels.

You collected 104 gold pieces.

Inventory:

Hand Weapons
 a - a +0 spear (weapon)
Missiles
 e - 5 tomahawks of dispersal (quivered)
 G - 8 tomahawks of returning
Armour
 b - a +0 leather armour (worn)
 P - a +0 helmet (worn)
Scrolls
 B - a scroll of blinking
 E - a scroll of teleportation {unknown}
 H - 2 scrolls of remove curse {unknown}
 J - 3 scrolls of enchant weapon {unknown}
 K - 2 scrolls of identify {unknown}
 N - a scroll of noise {unknown}
 O - a scroll of enchant armour {unknown}
 S - a scroll of amnesia {unknown}
Books
 c - a book of Spatial Translocations

   Spells                             Type                      Level
   a - Blink                          Translocation                2
   b - Shroud of Golubria             Charms/Translocation         2
   c - Lesser Beckoning               Translocation                3
   d - Gell's Gravitas                Translocation                3
   e - Teleport Other                 Translocation                3
   f - Passage of Golubria            Translocation                4
Comestibles
 f - 2 bread rations
 Q - 2 fruits


   Skills:
 + Level 3.6 Fighting
 + Level 3.5 Polearms
 - Level 0.8 Throwing
 - Level 0.7 Armour
 - Level 1.5 Dodging
 - Level 2.0 Spellcasting
 - Level 3.0 Translocations


You had 5 spell levels left.
You knew the following spells:

 Your Spells              Type           Power        Failure   Level  Hunger
d - Blink                 Tloc           N/A          1%          2    ###....


Dungeon Overview and Level Annotations

Branches:
Dungeon (3/15)

Altars:
Yredelemnul

Annotations:
D:3 Hybris's ghost, amateur DEWz


Innate Abilities, Weirdness & Mutations

You cannot wear boots.
Your serpentine skin is tough. (AC +1)
You have supernaturally acute eyesight. (SInv)
Armour fits poorly on your strangely shaped body.
Your system is resistant to poisons. (rPois)
You cover ground very slowly.
You have a slow metabolism.
You can spit poison.


Message History

Hybris's ghost gestures at you while chanting.
The magic dart hits you!
* * * LOW HITPOINT WARNING * * *
The white imp barely misses you.
You barely miss Hybris's ghost.
Hybris's ghost is heavily damaged.
You hit Hybris's ghost.
Hybris's ghost is severely damaged.
Hybris's ghost hits you but does no damage.
The white imp grins evilly.
The white imp barely misses you.
You hit Hybris's ghost but do no damage.
Hybris's ghost is severely damaged.
Hybris's ghost barely misses you.
You hit Hybris's ghost but do no damage.
Hybris's ghost is severely damaged.
The white imp gestures at you. The puff of frost hits you!
You die...
Your body rises from the dead as a mindless zombie.

.#..##.#.........
#..##....######. #..##.##.#
#..h.....# # #.###.#####
.## #.....#...### ###W..
#####.......# #......
##.#...#5## ......#
######........@## .....
...............W####..##..#
.#####.............).......
##.......####......#..
###...### #.#.##...# #...#
#.#... ... #...# #.##### #
#...# #.# #...# ...


You could see Hybris's ghost and a white imp.

Vanquished Creatures
  Robin (D:2)
  An adder (D:2)
  A worm (D:2)
  2 dart slugs
  An orc (D:3)
  3 bats
  3 giant cockroaches
  13 goblins
  12 hobgoblins
  4 jackals (D:3)
  7 kobolds
  A quokka (D:2)
  A ball python (D:2)
  3 frilled lizards
  8 rats
61 creatures vanquished.

Notes
Turn   | Place    | Note
-------+----------+-------------------------------------------
     0 | D:1      | Gorglomux the Naga Warper began the quest for the Orb.
     0 | D:1      | Reached XP level 1. HP: 19/19 MP: 3/3
   218 | D:1      | Reached XP level 2. HP: 27/27 MP: 5/5
   241 | D:1      | Learned a level 2 spell: Blink
   926 | D:2      | Reached XP level 3. HP: 31/33 MP: 6/6
   964 | D:2      | Reached skill level 3 in Fighting
  1426 | D:2      | Reached skill level 3 in Polearms
  1979 | D:3      | Reached XP level 4. HP: 41/42 MP: 7/7
  1985 | D:3      | Noticed Robin
  2208 | D:2      | Killed Robin
  2469 | D:3      | Found a basalt altar of Yredelemnul.
  2519 | D:3      | Became a worshipper of Yredelemnul the Dark
  2857 | D:3      | Noticed Hybris's ghost (amateur DEWz)
  2893 | D:3      | Killed from afar by a white imp

Vault maps used:
D:1:      onia_arrival_mini_spirals, hangedman_decor_push
D:2:      wad_floor_pattern_1, grunt_decor_one_mirror, kennysheep_another_room
D:3:      grunt_temple_overflow_forces_of_nature, first_bread,
          yredelemnul_altar_generic, uniq_robin

Skill      XL: |  1  2  3 |
---------------+----------+-----
Fighting       | 3 |  3.6
Polearms       | 3 |  3.5
Throwing       | |  0.8
Armour         | |  0.7
Dodging        | |  1.5
Spellcasting   | |  2.0
Translocations | |  3.0

Action                   |  1- 3 |  4- 6 || total
-------------------------+-------+-------++-------
Melee: Spear             |    82 |   108 ||   190
 Cast: Blink             |       |     1 ||     1
 Abil: Spit Poison       |    30 |    14 ||    44
  Use: Potion            |       |     3 ||     3
  Eat: Chunk             |     4 |     3 ||     7
Armor: Leather armour    |    12 |    26 ||    38
Dodge: Dodged            |    21 |    53 ||    74
